 Dungeon Crawl Stone Soup version 0.29-a0-266-gf56f883ddd (webtiles) character file.

Game seed: 10301647028846157882

373 testman the Sneak (level 6, -9/58 HPs)
             Began as a Deep Dwarf Delver on Mar 4, 2022.
             Was an Initiate of Elyvilon.
             Mangled by an ogre
             ... wielding a +0 giant club
              (24 damage)
             ... on level 5 of the Dungeon on Mar 7, 2022.
             The game lasted 00:33:50 (3268 turns).

testman the Sneak (Deep Dwarf Delver)               Turns: 3268, Time: 00:33:50

Health: -9/58      AC:  6    Str: 24    XL:     6   Next: 43%
Magic:  6/6        EV: 11    Int: 10    God:    Elyvilon [......]
Gold:   70         SH:  5    Dex: 14    Spells: 4/5 levels left

rFire   . . .      SeeInvis .   a - +0 hand axe
rCold   . . .      Faith    .   m - +0 buckler
rNeg    . . .      Spirit   .   j - +0 ring mail
rPois   .          Reflect  .   (no helmet)
rElec   .          Harm     .   I - +0 cloak
rCorr   .          Rampage  .   (no gloves)
Will    .....                   (no boots)
Stlth   ++........              (no amulet)
HPRegen 0.00/turn               v - +6 ring of strength
MPRegen 0.10/turn               C - ring of flight

@: flying
A: damage resistance, heal wounds, sense surroundings 1, no regeneration
a: Heal Wounds, Renounce Religion


You were on level 5 of the Dungeon.
You worshipped Elyvilon.
Elyvilon was noncommittal.
You visited 2 branches of the dungeon, and saw 6 of its levels.

You collected 213 gold pieces.
You spent 143 gold pieces at shops.

Inventory:

Hand Weapons
 a - a +0 hand axe (weapon)
 B - a +0 hunting sling
Missiles
 o - 95 stones
 u - 14 poisoned darts (quivered)
 w - 3 boomerangs
Armour
 b - a +0 leather armour
 j - a +0 ring mail (worn)
 m - a +0 buckler (worn)
 I - a +0 cloak (worn)
Jewellery
 v - a +6 ring of strength (left hand)
 C - a ring of flight (right hand)
Wands
 d - a wand of paralysis (15)
 f - a wand of acid (2)
 g - a wand of digging (6)
Scrolls
 c - 3 scrolls of fog
 e - 2 scrolls of fear
 h - 7 scrolls of identify {unknown}
 i - 2 scrolls of enchant armour {unknown}
 l - a scroll of brand weapon {unknown}
 r - a scroll of summoning {unknown}
 y - 2 scrolls of vulnerability {unknown}
 z - a scroll of enchant weapon {unknown}
 D - a scroll of immolation {unknown}
 E - a scroll of teleportation {unknown}
 F - a scroll of blinking {unknown}
 G - a scroll of magic mapping
Potions
 k - a potion of ambrosia {unknown}
 n - 2 potions of brilliance {unknown}
 p - 3 potions of might {unknown}
 q - a potion of degeneration {unknown}
 s - a potion of cancellation {unknown}
 t - a potion of haste
 x - a potion of flight {unknown}
 A - a potion of curing
 H - a potion of attraction {unknown}


   Skills:
 + Level 4.4 Fighting
 + Level 4.7 Axes
 + Level 0.0 Throwing
 - Level 2.1 Dodging
 - Level 6.0 Stealth
 + Level 3.1 Shields
 + Level 2.0 Evocations


You had 4 spell levels left.
You knew the following spells:

 Your Spells              Type           Power      Damage    Failure   Level
a - Apportation           Tloc           0%         N/A       63%         1

Your spell library contained the following spells:

 Spells                   Type           Power      Damage    Failure   Level
 Animate Skeleton         Necr           0%         N/A       63%         1
 Summon Small Mammal      Summ           0%         N/A       63%         1
 Ozocubu's Armour         Ice            0%         N/A       94%         3
 Metabolic Englaciation   Hex/Ice        0%         N/A       100%        5
 Simulacrum               Ice/Necr       0%         N/A       100%        6


Dungeon Overview and Level Annotations

Branches:
Dungeon (5/15)             Temple (1/1) D:4

Altars:
Ashenzari
Cheibriados
Dithmenos
Elyvilon
Fedhas
Gozag
Hepliaklqana
Kikubaaqudgha
Makhleb
Nemelex Xobeh
Okawaru
Qazlal
Ru
Trog
Uskayaw
Vehumet
Wu Jian
Xom
Yredelemnul
Zin
The Shining One

Shops:
D:2 !


Innate Abilities, Weirdness & Mutations

You are resistant to damage.
You can heal yourself by infusing magical energy.
You passively map a small area around you.
You do not regenerate.


Message History

Aim: an ogre, wielding a +0 giant club (75% to hit)
You throw a poisoned dart. The poisoned dart hits the ogre.
The ogre is poisoned.
Throw: 17 darts (poison)
Press: ? - help, Q - select action, (/) - cycle Shift-Dir - straight line, f/p - ogre
Aim: an ogre, wielding a +0 giant club (lightly wounded, poisoned, 75% to hit)
You throw a poisoned dart. The poisoned dart hits the adder.
You slash the adder!
The adder is severely wounded.
The adder barely misses you.
You slash the adder!
You kill the adder!
Throw: 16 darts (poison)
Press: ? - help, Q - select action, (/) - cycle Shift-Dir - straight line, f/p - ogre
Aim: an ogre, wielding a +0 giant club (moderately wounded, poisoned, 75% to hit)
You throw a poisoned dart. The poisoned dart hits the ogre.
The ogre looks even sicker.
The ogre is moderately wounded.
Throw: 15 darts (poison)
Press: ? - help, Q - select action, (/) - cycle Shift-Dir - straight line, f/p - ogre
Aim: an ogre, wielding a +0 giant club (moderately wounded, very poisoned, 75% to hit)
You throw a poisoned dart. The poisoned dart hits the ogre.
The ogre looks even sicker.
The ogre is moderately wounded.
You closely miss the ogre.
The ogre is moderately wounded.
The ogre hits you with a +0 giant club!
* * * LOW HITPOINT WARNING * * *
You hit the ogre.
The ogre is moderately wounded.
The ogre barely misses you.
You hit the ogre but do no damage.
The ogre is moderately wounded.
The ogre barely misses you.
You barely miss the ogre.
The ogre is moderately wounded.
You hit the ogre.
The ogre is heavily wounded.
The ogre hits you with a +0 giant club!!
You die...

,*,*,*,**,* *,,,,,* ,,<*,*,**,*
*,,,,,* ****,*,**,* *,,,,,*
,,,,,,,**,**** *,,,,,*
****,,,,,,,,,* ########.*
****,,,,,,,..#####........*######
,,,,,,,,,.,s..............,......
****,,,,,(...#####.##############
,,,,,,,,,....((O@.............#
*****,,,,....#####.##....####.#
*,,,,.,,,* #.##....# #.#
*,,,,,,,,* #.##....# #.##
********** #.####### ##..# #.#
#######...## #.# #..........# #.#
#..........# #.# #..........#


You could see an ogre (very poisoned).

Vanquished Creatures
  2 ogres (D:4)
  Ijyb (D:4)
  An iguana (D:5)
  3 orc wizards
  2 adders
  A worm (D:4)
  2 dart slugs
  6 orcs
  8 ball pythons
  4 endoplasms
  A giant cockroach (D:2)
  2 goblins
  4 hobgoblins
  6 jackals
  2 quokkas
  4 bats
  A frilled lizard (D:2)
  4 kobolds
  3 rats
57 creatures vanquished.

Vanquished Creatures (others)
  4 fungi (D:4)
4 creatures vanquished.

Grand Total: 61 creatures vanquished

Notes
Turn   | Place    | Note
-------+----------+-------------------------------------------
     0 | D:5      | testman the Deep Dwarf Delver began the quest for the Orb.
     0 | D:5      | Reached XP level 1. HP: 20/20 MP: 1/1
    33 | D:5      | Noticed a hound
    82 | D:5      | Noticed a necrophage
   135 | D:4      | Noticed Ijyb
   148 | D:4      | Killed Ijyb
   149 | D:4      | Reached XP level 2. HP: 11/28 MP: 2/2
   275 | D:3      | Reached XP level 3. HP: 11/34 MP: 3/3
   334 | D:2      | Found a faded altar of an unknown god.
  1144 | D:2      | Found Xuppan's Distillery.
  1186 | D:2      | Bought a potion of heal wounds for 55 gold pieces
  1186 | D:2      | Bought a potion of heal wounds for 55 gold pieces
  1186 | D:2      | Bought a potion of curing for 33 gold pieces
  1358 | D:2      | Reached skill level 1 in Shields
  1559 | D:3      | Reached XP level 4. HP: 31/42 MP: 4/4
  2033 | D:4      | Noticed an ogre
  2085 | D:4      | Found a staircase to the Ecumenical Temple.
  2094 | Temple   | Entered the Ecumenical Temple
  2278 | Temple   | Became a worshipper of Elyvilon the Healer
  2465 | D:4      | Noticed an ogre
  2478 | D:4      | Killed an ogre
  2479 | D:4      | Reached XP level 5. HP: 30/50 MP: 5/5
  2578 | D:4      | Killed an ogre
  2579 | D:4      | Reached skill level 1 in Evocations
  2579 | D:4      | Reached XP level 6. HP: 28/57 MP: 6/6
  2857 | D:4      | Learned a level 1 spell: Apportation
  3033 | D:5      | Upgraded the game from 0.29-a0-243-g602b31c20e to
                  | 0.29-a0-266-gf56f883ddd
  3142 | D:5      | Elyvilon protects you from harm!
  3148 | D:5      | HP: 2/57 [iguana (2)]
  3268 | D:5      | Mangled by an ogre

Illustrated notes

Levels and vault maps discovered:
D:1:      evilmike_arrival_crescent, layout_loops_ring
D:2:      layout_rooms, serial_shops, nicolae_shop_statue_plus,
          basic_ecumenical_altar
D:3:      layout_basic, hellmonk_ghost_happy_afterlife, serial_park_tiny_pond,
          chequers_serial_rivers_room_a
D:4:      layout_basic, minmay_temple_entry_purple_smoke, serial_aquarium,
          aquarium_bridge_square [aquarium_subvault_bridge,
          aquarium_subvault_window, aquarium_subvault_bridge,
          aquarium_subvault_bridge], aquarium_window_fake, aquarium_window_1,
          aquarium_window_1, aquarium_view_2c, aquarium_view_2d,
          minmay_misc_feat_rows, uniq_ijyb
D:5:      layout_basic
Temple:   minmay_crystal_snake_temple

Skill      XL: |  1  2  3  4  5  6 |
---------------+-------------------+-----
Fighting       | 3 4 |  4.4
Axes           | 3 4 |  4.7
Shields        | 1 2 3 |  3.1
Evocations     | 1 2 |  2.0
Dodging        | |  2.1
Stealth        | |  6.0

Action                   |  1- 3 |  4- 6 || total
-------------------------+-------+-------++-------
Melee: Hand axe          |   103 |   150 ||   253
       Punch             |     1 |       ||     1
Throw: Dart              |     7 |    12 ||    19
 Abil: Heal Wounds       |       |     1 ||     1
Evoke: Wand              |     8 |     9 ||    17
  Use: Potion            |     2 |     2 ||     4
       Scroll            |     1 |       ||     1
 Stab: Paralysed         |     5 |     4 ||     9
       Sleeping          |     7 |     5 ||    12
Armor: Leather armour    |     2 |       ||     2
       Ring mail         |    30 |    39 ||    69
Dodge: Dodged            |    42 |    55 ||    97
Block: Buckler           |    13 |    24 ||    37

Table legend: (Time is in decaauts)
 A = Elapsed time spent in this place.
 B = Non-inter-level travel time spent in this place.
 C = Inter-level travel time spent in this place.
 D = Time resting spent in this place.
 E = Time spent auto-exploring this place.
 F = Levels seen in this place.
 G = Mean time per level.
                   A        B        C        D        E       F      G
               +--------+--------+--------+--------+--------+-----+--------+
         Total |   3288 |   3089 |    199 |     38 |   2104 |   6 |  548.0 |
       Dungeon |   3068 |   2914 |    154 |     38 |   1947 |   5 |  613.6 |
        Temple |    219 |    174 |     45 |      0 |    157 |   1 |  219.0 |
               +--------+--------+--------+--------+--------+-----+--------+

Top non-repeatable levels by time:
     D:4: 1095 daAuts
     D:1: 735 daAuts
     D:2: 487 daAuts
     D:3: 399 daAuts
     D:5: 351 daAuts
  Temple: 219 daAuts
